 Dungeon Sprint DCSS version 0.30.1-9-gdf580d7c3d (webtiles) character file.

Game seed: 2652083260932529080

95 Heoruswealwe the Poker (level 4, 0/45 HPs)
             Began as a Minotaur Fighter on Oct 20, 2023.
             Succumbed to an adder's poison
             ... in the Dungeon (Sprint IX: "|||||||||||||||||||||||||||||").
             The game lasted 00:00:25 (37 turns).

Heoruswealwe the Poker (Minotaur Fighter)             Turns: 37, Time: 00:00:26

Health: 0/45       AC:  7    Str: 22    XL:     4   Next: 40%
Magic:  3/3        EV:  9    Int:  5    God:
Gold:   0          SH:  4    Dex: 10    Spells: 3/3 levels left

rFire   . . .        a - +0 trident
rCold   . . .        d - +0 buckler
rNeg    . . .        c - +0 scale mail
rPois   .            (helmet restricted)
rElec   .            (no cloak)
rCorr   .            (no gloves)
SInv    .            (no boots)
Will    .....        (no amulet) Stlth
                     (no ring)
HPRegen 0.27/turn    (no ring)
MPRegen 0.08/turn

%: no teleportation
@: lethally poisoned (0 -> -9)
A: horns 2, retaliatory headbutt
a: no special abilities


You were in the Dungeon.
You visited 1 branch

Inventory:

Hand Weapons
 a - a +0 trident (weapon)
Armour
 c - a +0 scale mail (worn)
 d - a +0 buckler (worn)
Scrolls
 j - a scroll of blinking
Potions
 b - a potion of might
 e - a potion of curing
 f - a potion of heal wounds
 g - a potion of haste
 i - a potion of berserk rage


   Skills:
 + Level 6.3 Fighting
 * Level 7.8 Polearms
 + Level 6.3 Armour
 - Level 3.6 Shields


You had 3 spell levels left.
You didn't know any spells.
Your spell library was empty.

Dungeon Overview and Level Annotations

Branches:
Dungeon (1/1)

Altars:


Innate Abilities, Weirdness & Mutations

You have a pair of horns on your head.
You reflexively headbutt those who attack you in melee.


Message History

You barely miss the black bear.
The black bear is almost dead.
The black bear bites you.
* * * LOW HITPOINT WARNING * * *
The black bear claws you but does no damage.
The black bear closely misses you. The black bear barely misses you.
The black bear closely misses you.
The black bear claws you but does no damage.
You closely miss the black bear. You headbutt the black bear.
You kill the black bear!
The adder bites you but does no damage.
Your Fighting skill gained 2 levels and is now at level 6!
Your Polearms skill gained 4 levels and is now at level 7!
Your Armour skill gained 2 levels and is now at level 6!
You have reached level 2!
You have reached level 3!
Your experience leads to an increase in your attributes!
Increase (S)trength, (I)ntelligence, or (D)exterity?
You feel stronger. x2
You have reached level 4!
You feel agile.
You closely miss the adder. The adder bites you but does no damage.
The gnoll barely misses you.
You hit the adder.
The adder is moderately wounded.
The adder bites you.
* * * LOW HITPOINT WARNING * * *
You are poisoned.
The adder poisons you! The gnoll closely misses you.
You closely miss the adder. You headbutt the adder.
The adder is severely wounded.
You feel sick. The adder bites you.
* * * LOW HITPOINT WARNING * * *
You are lethally poisoned!
The adder poisons you!
The gnoll hits you from afar with a +0 spear.
* * * LOW HITPOINT WARNING * * *
You hit the adder.
You kill the adder!
You die...

▓.▓
▓!▓
▓.▓
▓†▓
▓.▓
▓.▓
▓.▓
▓.▓
▓@▓
▓†▓
▓g▓
▓5▓
▓h▓
▓.▓
▓.▓
▓+▓


You could see a hound, a gnoll and a white imp.

Vanquished Creatures
  A black bear (D)
  An adder (D)
  2 bats (D)
  An endoplasm (D)
  A quokka (D)
  A rat (D)
7 creatures vanquished.

Notes
Turn   | Place    | Note
-------+----------+-------------------------------------------
     0 | D        | Heoruswealwe the Minotaur Fighter began the quest for the
                  | Orb.
     0 | D        | Reached XP level 1. HP: 19/19 MP: 0/0
     7 | D        | Reached skill level 3 in Polearms
    27 | D        | Noticed a black bear
    27 | D        | Noticed a hound
    33 | D        | Killed a black bear
    34 | D        | Reached skill level 7 in Polearms
    34 | D        | Reached XP level 2. HP: 7/31 MP: 1/1
    34 | D        | Reached XP level 3. HP: 8/38 MP: 2/2
    34 | D        | Reached XP level 4. HP: 10/45 MP: 3/3
    36 | D        | HP: 2/45 [gnoll/+0 spear (3)]
    37 | D        | Succumbed to an adder's poison

Illustrated notes

Levels and vault maps discovered:
D:        linesprint [early_d, line_temple, items_1, d_10, items_2, lair_1,
          lair_end, items_3, orc_1, orc_end, items_4, d_15, swamp_1, shoals_1,
          snake_1, spider_1, d_20, vaults_1, items_5, swamp_end, shoals_end,
          snake_end, spider_end, vaults_end, d_27, items_6, zot_1, zot_end,
          crypt_end, forest_end, elf_end, slime_end, tomb_end, abyss_end,
          pan_hell_end]

Skill      XL: |  1 |
---------------+----+-----
Polearms       | 7 |  7.8
Fighting       | 6 |  6.3
Armour         | 6 |  6.3
Shields        | |  3.6

Action                     |  1- 3 |  4- 6 || total
---------------------------+-------+-------++-------
  Melee: Trident           |    22 |     4 ||    26
         Headbutt          |     3 |     1 ||     4
 Armour: Scale mail        |    20 |     1 ||    21
  Dodge: Dodged            |    12 |     2 ||    14
  Block: Buckler           |     5 |       ||     5
